 Dungeon Sprint DCSS version 0.28.0-47-ge53b351184 (webtiles) character file.

Game seed: 4950244547023909176

3061 browni3141 the Warrior (level 9, -4/119 HPs)
             Began as an Ogre Berserker on May 4, 2022.
             Was a High Priest of Trog.
             Slain by a cyclops (23 damage)
             ... in the Dungeon (Sprint IX: "|||||||||||||||||||||||||||||").
             The game lasted 00:01:15 (752 turns).

browni3141 the Warrior (Ogre Berserker)              Turns: 752, Time: 00:01:15

Health: -4/119     AC:  4    Str: 27    XL:     9   Next: 88%
Magic:  9/9        EV: 14    Int:  8    God:    Trog [*****.]
Gold:   0          SH:  0    Dex:  8    Spells: 8/8 levels left

rFire   . . .      SeeInvis .   k - +2 dire flail (vorpal)
rCold   . . .      Faith    .   (shield currently unavailable)
rNeg    . . .      Spirit   .   b - +0 animal skin
rPois   .          Reflect  .   (helmet restricted)
rElec   .          Harm     .   l - +0 cloak
rCorr   .          Rampage  .   (gloves unavailable)
Will    ++...      NoTele   +   (boots unavailable)
Stlth   +.........              (no amulet)
HPRegen 1.29/turn               E - +2 ring of evasion
MPRegen 0.11/turn               e - +2 ring of evasion

@: strong-willed, on berserk cooldown, regenerating, slowed, very slow
A: large, unfitting armour, tough skin 1
a: Renounce Religion, Berserk, Trog's Hand, Brothers in Arms


You were in the Dungeon.
You worshipped Trog.
Trog was extremely pleased with you.
You visited 1 branch


Innate Abilities, Weirdness & Mutations

You are too large for most types of armour.
You have tough skin. (AC +1)


   Skills:
 + Level 16.9 Fighting
 * Level 16.7 Maces & Flails
 - Level 2.6 Dodging


You had 8 spell levels left.
You didn't know any spells.
Your spell library was empty.

Inventory:

Hand Weapons
 a - a +0 mace
 k - a +2 vorpal dire flail (weapon)
Armour
 b - a +0 animal skin (worn)
 l - a +0 cloak (worn)
Jewellery
 e - a +2 ring of evasion (right hand)
 E - a +2 ring of evasion (left hand)
Wands
 j - a wand of iceblast (10)
Scrolls
 h - 2 scrolls of blinking {@r3}
Potions
 c - 5 potions of curing {@q1}
 d - 3 potions of heal wounds {@q2}
 f - 4 potions of magic
 g - a potion of berserk rage {!q}
 i - a potion of invisibility
 m - a potion of haste {@q3}

Dungeon Overview and Level Annotations

Branches:
Dungeon (1/1)

Altars:
Cheibriados
Dithmenos
Elyvilon
Fedhas
Gozag
Hepliaklqana
Kikubaaqudgha
Makhleb
Nemelex Xobeh
Okawaru
Qazlal
Ru
Sif Muna
Trog
Uskayaw
Vehumet
Wu Jian
Xom
Yredelemnul
Zin
The Shining One
Beogh
Jiyva
Lugonu ¦+¦ ¦.¦ ¦C¦

¦@¦
¦(¦
¦)¦
¦)¦
¦'¦
¦.¦
¦.¦
¦.¦
¦)¦


You could see a cyclops.


Message History

The centaur warrior shoots an arrow.
Your Fighting skill increases to level 16!
Unknown command.
The shadow strikes at you from the darkness!
* * * LOW HITPOINT WARNING * * *
Reactivating autopickup.
You see here 4 large rocks.
You impale the shadow!!
You destroy the shadow!
Trog accepts your kill.
Your Maces & Flails skill increases to level 16!
You impale the centaur warrior!!
The centaur warrior is moderately wounded.
The centaur warrior unwields a +0 shortbow.
The centaur warrior barely misses you. The centaur warrior closely misses you.
You beat the centaur warrior like a drum!!!
You kill the centaur warrior!
Trog accepts your kill.
You are no longer berserk.
You are exhausted.
You feel yourself slow down.
Things that are here:
a +0 shortbow; 13 arrows {@f2}; a centaur corpse You bludgeon the cyclops!!
The cyclops is heavily wounded.
The cyclops completely misses you.
You completely miss the cyclops.
The cyclops is heavily wounded.
The cyclops hits you!!
You die...

Skill      XL: |  1  2  3  4  5  6  7  8  9 |
---------------+----------------------------+-----
Maces & Flails | 4 5 7 8 10 11 14 15 16 | 16.7
Fighting       | 5 6 7 8 11 14 15 16 | 16.9
Dodging        | |  2.6

Action                   |  1- 3 |  4- 6 |  7- 9 || total
-------------------------+-------+-------+-------++-------
Melee: Mace              |    20 |     5 |       ||    25
       Dire flail        |       |    13 |    32 ||    45
Invok: Berserk           |     1 |     1 |     1 ||     3
       Trog's Hand       |     1 |     1 |     1 ||     3
Armor: Animal skin       |     3 |     4 |     9 ||    16
Dodge: Dodged            |    12 |     9 |    16 ||    37

Levels and vault maps discovered:
D:        linesprint [early_d, line_temple, items_1, d_10, items_2, lair_1,
          lair_end, items_3, orc_1, orc_end, items_4, d_15, swamp_1, shoals_1,
          snake_1, spider_1, d_20, vaults_1, items_5, swamp_end, shoals_end,
          snake_end, spider_end, vaults_end, d_27, items_6, zot_1, zot_end,
          crypt_end, forest_end, elf_end, slime_end, tomb_end, abyss_end,
          pan_hell_end]

Notes
Turn   | Place    | Note
-------+----------+-------------------------------------------
     0 | D        | browni3141 the Ogre Berserker began the quest for the Orb.
     0 | D        | Reached XP level 1. HP: 24/24 MP: 1/1
     5 | D        | Reached skill level 3 in Maces & Flails
    11 | D        | Reached ** piety under Trog
    12 | D        | Reached skill level 5 in Fighting
    12 | D        | Reached skill level 4 in Maces & Flails
    12 | D        | Reached XP level 2. HP: 21/35 MP: 2/2
   141 | D        | Noticed a scorpion
   141 | D        | Noticed a scorpion
   149 | D        | Reached skill level 6 in Fighting
   149 | D        | Reached skill level 5 in Maces & Flails
   149 | D        | Reached XP level 3. HP: 27/45 MP: 3/3
   153 | D        | Killed a scorpion
   154 | D        | Reached skill level 7 in Fighting
   154 | D        | Reached skill level 7 in Maces & Flails
   154 | D        | Reached XP level 4. HP: 39/57 MP: 4/4
   156 | D        | Killed a scorpion
   156 | D        | Reached *** piety under Trog
   157 | D        | Reached skill level 8 in Fighting
   157 | D        | Reached skill level 8 in Maces & Flails
   157 | D        | Reached XP level 5. HP: 32/66 MP: 5/5
   159 | D        | Reached skill level 9 in Fighting
   164 | D        | Found a snail-covered altar of Cheibriados.
   164 | D        | Found a shadowy altar of Dithmenos.
   164 | D        | Found a white marble altar of Elyvilon.
   164 | D        | Found a blossoming altar of Fedhas.
   164 | D        | Found an opulent altar of Gozag.
   165 | D        | Found a hazy altar of Hepliaklqana.
   166 | D        | Found a viscous altar of Jiyva.
   167 | D        | Found an ancient bone altar of Kikubaaqudgha.
   168 | D        | Found a corrupted altar of Lugonu.
   169 | D        | Found a burning altar of Makhleb.
   170 | D        | Found a sparkling altar of Nemelex Xobeh.
   171 | D        | Found an iron altar of Okawaru.
   172 | D        | Found a stormy altar of Qazlal.
   173 | D        | Found a sacrificial altar of Ru.
   174 | D        | Found a shimmering blue altar of Sif Muna.
   175 | D        | Found a bloodstained altar of Trog.
   176 | D        | Found a hide-covered altar of Uskayaw.
   177 | D        | Found a radiant altar of Vehumet.
   178 | D        | Found an ornate altar of the Wu Jian Council.
   179 | D        | Found a shimmering altar of Xom.
   180 | D        | Found a basalt altar of Yredelemnul.
   181 | D        | Found a glowing silver altar of Zin.
   182 | D        | Found a glowing golden altar of the Shining One.
   329 | D        | Noticed a steam dragon
   329 | D        | Noticed an orc warrior
   329 | D        | Noticed a steam dragon
   329 | D        | Noticed a kobold brigand
   329 | D        | Noticed a troll
   339 | D        | Killed a troll
   340 | D        | Reached skill level 11 in Fighting
   340 | D        | Reached skill level 10 in Maces & Flails
   340 | D        | Reached XP level 6. HP: 58/80 MP: 6/6
   343 | D        | Reached **** piety under Trog
   344 | D        | Reached skill level 11 in Maces & Flails
   346 | D        | Reached XP level 7. HP: 33/89 MP: 7/7
   519 | D        | Killed a steam dragon
   520 | D        | Reached skill level 12 in Fighting
   520 | D        | Reached skill level 12 in Maces & Flails
   531 | D        | Killed a steam dragon
   532 | D        | Reached skill level 13 in Fighting
   728 | D        | Noticed a cyclops
   728 | D        | Noticed a centaur warrior
   728 | D        | Noticed a shadow
   728 | D        | Noticed a cyclops
   728 | D        | Noticed a centaur warrior
   728 | D        | Noticed a centaur warrior
   733 | D        | Killed a centaur warrior
   734 | D        | Reached skill level 14 in Fighting
   734 | D        | Reached skill level 14 in Maces & Flails
   734 | D        | Reached XP level 8. HP: 73/106 MP: 8/8
   740 | D        | Killed a centaur warrior
   740 | D        | Reached ***** piety under Trog
   741 | D        | Reached skill level 15 in Fighting
   741 | D        | Reached skill level 15 in Maces & Flails
   741 | D        | Reached XP level 9. HP: 63/115 MP: 9/9
   745 | D        | Killed a cyclops
   746 | D        | Reached skill level 16 in Fighting
   748 | D        | Reached skill level 16 in Maces & Flails
   749 | D        | Killed a centaur warrior
   752 | D        | Slain by a cyclops

Vanquished Creatures
  3 centaur warriors (D)
  A cyclops (D)
  A troll (D)
  A shadow (D)
  2 steam dragons (D)
  An orc warrior (D)
  A kobold brigand (D)
  2 scorpions (D)
  A howler monkey (D)
  A hound (D)
  An adder (D)
  A gnoll (D)
  A ball python (D)
  An endoplasm (D)
  A goblin (D)
  A ball python zombie (D)
  A kobold (D)
21 creatures vanquished.

Table legend: (Time is in decaauts)
 A = Elapsed time spent in this place.
 B = Non-inter-level travel time spent in this place.
 C = Inter-level travel time spent in this place.
 D = Time resting spent in this place.
 E = Time spent auto-exploring this place.
 F = Levels seen in this place.
 G = Mean time per level.
                   A        B        C        D        E       F      G
               +--------+--------+--------+--------+--------+-----+--------+
         Total |    755 |    755 |      0 |    483 |    127 |   1 |  755.0 |
       Dungeon |    755 |    755 |      0 |    483 |    127 |   1 |  755.0 |
               +--------+--------+--------+--------+--------+-----+--------+

Top non-repeatable levels by time:
       D: 755 daAuts

Table legend:
 A = Non-vault XP
 B = Vault XP
 C = Vault XP percentage of total XP
 D = Non-vault monster count
 E = Vault monster count
 F = Vault count percentage of total count
                 A         B        C        D         E       F
            +---------+---------+-------+---------+---------+-------
      Total |       0 |    4373 | 100.0 |       0 |      21 | 100.0
            +---------+---------+-------+---------+---------+-------
          D |       0 |    4373 | 100.0 |       0 |      21 | 100.0
            +---------+---------+-------+---------+---------+-------
